 Dungeon Crawl Stone Soup version 0.17.0-28-g6e173f8 (webtiles) character file.

83 Rationalist the Shield-Bearer (level 4, -1/37 HPs)
             Began as a Formicid Fighter on Nov 22, 2015.
             Killed from afar by Sigmund (9 damage)
             ... with a magic dart
             ... on level 3 of the Dungeon.
             The game lasted 00:03:35 (1695 turns).

Rationalist the Shield-Bearer (Formicid Fighter)    Turns: 1695, Time: 00:03:35

Health: -1/37      AC:  7    Str: 26    XL:     4   Next: 71%
Magic:  3/4        EV:  8    Int:  7    God:
Gold:   128        SH: 10    Dex: 11    Spells: 0 memorised, 3 levels left

rFire  + . .     SeeInvis +     a - +0 war axe
rCold  x . .     Clarity  .     b - +0 scale mail
rNeg   . . .     SustAt   .     c - +0 shield
rPois  .         Gourm    .     (helmet unavailable)
rElec  .         Spirit   .     (no cloak)
rCorr  .         Warding  .     (no gloves)
rMut   .         Stasis   +     (no boots)
MR     .....                    (no amulet)
Stlth  ..........               (no ring)
                                f - ring of fire

@: mighty, lethally poisoned (-1 -> -2), not resistant to hostile enchantments,
extremely unstealthy
A: permanent stasis, dig shafts and tunnels, four strong arms, antennae 3
a: Dig, Shaft Self


You were on level 3 of the Dungeon.
You were hungry.

You visited 1 branch of the dungeon, and saw 3 of its levels.

You collected 128 gold pieces.

Inventory:

Hand Weapons
 a - a +0 war axe (weapon)
Armour
 b - a +0 scale mail (worn)
 c - a +0 shield (worn)
Jewellery
 f - a ring of fire (left hand)
 j - an uncursed ring of stealth {unknown}
Scrolls
 h - a scroll of teleportation {unknown}
 i - a scroll of identify {unknown}
 l - a scroll of blinking {unknown}
Potions
 g - 4 potions of curing
 k - a potion of degeneration {unknown}
 n - a potion of invisibility {unknown}
 o - 2 potions of brilliance {unknown}
Comestibles
 e - 3 bread rations
 m - a meat ration


   Skills:
 + Level 4.0 Fighting
 + Level 2.5 Axes
 + Level 3.8 Armour
 + Level 1.0 Dodging
 + Level 0.3 Stealth
 + Level 4.3 Shields


You had 3 spell levels left.
You didn't know any spells.

Dungeon Overview and Level Annotations

Branches:
Dungeon (3/15)

Altars:
Kikubaaqudgha

Annotations:
D:3 Sigmund; deszczowiec's ghost, amateur OpVM


Innate Abilities, Weirdness & Mutations

You are under a permanent stasis effect.
You can dig through walls and to a lower floor.
Your four strong arms can wield two-handed weapons with a shield.
You have a pair of large antennae on your head (SInv).


Message History

Sigmund hits you from afar with a scythe.
* * * LOW HITPOINT WARNING * * *
You block deszczowiec's ghost's attack.
Unknown command.
You barely miss deszczowiec's ghost.
Deszczowiec's ghost is heavily damaged.
You block deszczowiec's ghost's attack. You block Sigmund's attack.
A worm comes into view.
Unknown command.
You hit deszczowiec's ghost but do no damage.
Deszczowiec's ghost is heavily damaged.
You block deszczowiec's ghost's attack. Sigmund barely misses you.
Deszczowiec's ghost hits you but does no damage.
Unknown command.
You slash deszczowiec's ghost!
Deszczowiec's ghost is severely damaged.
You feel sick. You block deszczowiec's ghost's attack.
Sigmund points at you and mumbles some strange words.
The magic dart hits you!
You die...

#..... #.... #
..... #..
#.#...
#..##.#..##
......#.@.#
........†.#
.......†@.#≈#
..w....W..#§#
..........#.#
..).....).#.###
..............#
...........>.##
.....%#.<...##
=########.#..#
#.##.#


You could see Sigmund, a worm and deszczowiec's ghost.

Vanquished Creatures
  Jessica (D:3)
  An adder (D:2)
  2 oozes (D:2)
  A giant gecko (D:2)
  3 giant cockroaches
  7 goblins
  3 hobgoblins (D:2)
  10 jackals
  2 bats
  A giant newt (D:2)
  4 kobolds
  2 rats (D:1)
37 creatures vanquished.

Notes
Turn   | Place    | Note
--------------------------------------------------------------
     0 | D:1      | Rationalist the Formicid Fighter began the quest for the Orb.
     0 | D:1      | Reached XP level 1. HP: 18/18 MP: 1/1
   303 | D:1      | Reached XP level 2. HP: 24/24 MP: 2/2
   367 | D:1      | Reached skill level 4 in Shields
   742 | D:1      | Reached XP level 3. HP: 26/29 MP: 3/3
   913 | D:2      | Found a faded altar to an unknown god.
   988 | D:2      | Found an ancient bone altar of Kikubaaqudgha.
  1226 | D:2      | Reached XP level 4. HP: 25/37 MP: 4/4
  1657 | D:3      | Noticed Jessica
  1674 | D:3      | Killed Jessica
  1674 | D:3      | Reached skill level 1 in Dodging
  1677 | D:3      | Noticed deszczowiec's ghost (amateur OpVM)
  1688 | D:3      | Noticed Sigmund
  1695 | D:3      | Killed from afar by Sigmund

Action                   |  1- 3 |  4- 6 || total
-------------------------+-------+-------++-------
Melee: War axe           |   128 |    27 ||   155
  Use: Potion            |       |     2 ||     2
  Eat: Chunk             |     1 |     1 ||     2
